 Dungeon Crawl Stone Soup version 0.22-a0-803-gd6d8abe (webtiles) character file.

7325 iamserjio the Destroyer (level 11, -1/64 HPs)
             Began as a Tengu Fire Elementalist on July 22, 2018.
             Was a Priest of Vehumet.
             Slain by a two-headed ogre
             ... wielding a +3 dire flail
              (24 damage)
             ... on level 12 of the Dungeon.
             The game lasted 00:43:31 (5153 turns).

iamserjio the Destroyer (Tengu Fire Elementalist)   Turns: 5153, Time: 00:43:32

Health: -1/64      AC:  8    Str:  9    XL:     11   Next: 13%
Magic:  5/23       EV: 16    Int: 18    God:    Vehumet [***...]
Gold:   213        SH:  0    Dex: 17    Spells: 9/25 levels left

rFire    + . .     SeeInvis .   o - +1 hand axe (elec)
rCold    . . .     Gourm    .   (no shield)
rNeg     . . .     Faith    .   Y - +1 leather armour of the Sunfish {rPois rF+ Regen+} (curse)
rPois    +         Spirit   .   (helmet restricted)
rElec    .         Reflect  .   t - +2 cloak
rCorr    .         Harm     .   (no gloves)
MR       .....                  (boots unavailable)
Stlth    ++........             k - amulet of regeneration
HPRegen  1.00/turn              N - +1 ring of protection
MPRegen  0.18/turn              K - +2 ring of dexterity

@: very slightly contaminated, starving
A: beak, talons 3, able to fly 1
a: Fly, Renounce Religion


You were on level 12 of the Dungeon.
You worshipped Vehumet.
Vehumet was most pleased with you.
You were starving.

You visited 2 branches of the dungeon, and saw 14 of its levels.

You collected 492 gold pieces.
You spent 279 gold pieces at shops.

Inventory:

Hand Weapons
 a - a +1 shortbow of flaming
 o - a +1 hand axe of electrocution (weapon)
 p - a +0 hunting sling
 r - a +0 hand crossbow
 u - a +1 whip of flaming
 y - a +1 quarterstaff
 I - a +1 dagger of protection
 W - a +0 trident
Missiles
 s - 2 throwing nets (quivered) {!f}
 x - 74 bolts
 E - 78 arrows
Armour
 j - a +2 leather armour of fire resistance
 t - a +2 cloak (worn)
 A - a +2 robe of cold resistance
 C - the +3 leather armour of the Three Songs {+Fly rN+ rCorr Dex-4}
   (You found it on level 6 of the Dungeon)

   It affects your dexterity (-4).
   It protects you from negative energy.
   It lets you fly.
   It provides partial protection from all sources of acid and corrosion.
 S - a +2 robe of magic resistance
 U - a +0 troll leather armour
 Y - the cursed +1 leather armour of the Sunfish (worn) {rPois rF+ Regen+}
   (You bought it in a shop on level 9 of the Dungeon)

   It protects you from fire.
   It protects you from poison.
   It increases your rate of regeneration.
   It has a curse placed upon it.
 Z - the +2 robe of Contentment {rF- rC+ Dex+2}
   (You bought it in a shop on level 9 of the Dungeon)

   It affects your dexterity (+2).
   It makes you vulnerable to fire.
   It protects you from cold.
Jewellery
 k - an amulet of regeneration (around neck)
 G - an uncursed ring of resist corrosion
 K - a +2 ring of dexterity (right hand)
 N - a +1 ring of protection (left hand)
Wands
 O - a wand of disintegration (4)
 Q - a wand of iceblast (1)
Scrolls
 d - 3 scrolls of teleportation
 f - a scroll of enchant weapon
 v - a scroll of fear
 w - 4 scrolls of remove curse {@r2}
 L - 2 scrolls of fog {unknown}
 M - a scroll of amnesia {unknown}
 R - a scroll of blinking {unknown}
 V - a scroll of summoning {unknown}
Potions
 b - 2 potions of brilliance
 e - a potion of resistance {unknown}
 m - 2 potions of lignification {unknown}
 n - 3 potions of curing {@q1}
 q - a potion of cancellation {unknown}
 z - 2 potions of mutation
 D - 2 potions of flight {unknown}
 F - a potion of ambrosia {unknown}
 H - 2 potions of haste
 J - a potion of might
Miscellaneous
 X - a fan of gales
Comestibles
 c - 18 rations
 g - 3 chunks of flesh


   Skills:
 - Level 6.0 Fighting
 + Level 7.7 Dodging
 - Level 2.0 Stealth
 + Level 7.5 Spellcasting
 + Level 10.5 Conjurations
 + Level 9.9 Fire Magic


You had 9 spell levels left.
You knew the following spells:

 Your Spells              Type           Power        Failure   Level  Hunger
a - Flame Tongue          Conj/Fire      #####        1%          1    None
b - Conjure Flame         Conj/Fire      #####...     1%          3    #......
c - Sticky Flame          Conj/Fire      #####...     1%          4    ###....
d - Fireball              Conj/Fire      #####.....   1%          5    #####..
e - Inner Flame           Hex/Fire       ###.....     1%          3    #......

Your spell library contained the following spells:

 Spells                   Type           Power        Failure   Level  Hunger
 Confuse                  Hex            #.......     41%         3    #......
 Throw Flame              Conj/Fire      #####.       1%          2    None
 Summon Small Mammal      Summ           #...         14%         1    None
 Summon Ice Beast         Ice/Summ       #.......     82%         4    ###....
 Call Imp                 Summ           #.......     22%         2    None
 Tukima's Dance           Hex            #.......     41%         3    #......
 Call Canine Familiar     Summ           #.......     41%         3    #......
 Ensorcelled Hibernation  Hex/Ice        #.....       22%         2    None
 Corona                   Hex            #......      14%         1    None
 Dazzling Spray           Conj/Hex       ####..       1%          3    #......
 Summon Lightning Spire   Summ/Air       #.......     82%         4    ###....
 Summon Guardian Golem    Hex/Summ       #.......     41%         3    #......


Dungeon Overview and Level Annotations

Branches:
Dungeon (13/15)            Temple (1/1) D:6
   Lair: D:8-11         Orc: D:9-12      Vaults: D:13-14

Altars:
Cheibriados
Dithmenos
Elyvilon
Fedhas
Gozag
Hepliaklqana
Kikubaaqudgha
Makhleb
Okawaru
Ru
Sif Muna
Uskayaw
Vehumet
Wu Jian
Xom
Yredelemnul

Shops:
D:9 [

Annotations:
D:2 Terence
D:4 1 runed door, iamserjio's ghost, weakling SpMo


Innate Abilities, Weirdness & Mutations

You have a beak for a mouth.
You have claws for feet.
You can fly.


Message History

The two-headed ogre hits you with a giant club.
Evoke which item? (* to show all) (? for menu, Esc to quit)
Aiming: Iceblast
Press: ? - help, Shift-Dir - straight line The mass of ice explodes!
The iceblast engulfs the two-headed ogre.
The two-headed ogre is severely wounded.
The two-headed ogre closely misses you.
The two-headed ogre hits you with a giant club!
Okay, then.
Evoke which item? (* to show all) (? for menu, Esc to quit)
Aiming: Iceblast
Press: ? - help, Shift-Dir - straight line The mass of ice explodes!
The iceblast engulfs the two-headed ogre.
The two-headed ogre is almost dead.
You are starving!
The two-headed ogre closely misses you.
The two-headed ogre hits you with a giant club!!
You die...

##+##+#
#.....# .....
#.....# .....
#.....#.....>
#.....#......
#..@##......
##..O#.O...#
+....#.....#
#....'.....#
#....#.....#
#....#.....#
#....#.....#
######.....#
......#


You could see a two-headed ogre.

Vanquished Creatures
  Pikel (D:5)
  An ugly thing (D:11)
  A gargoyle (D:13)
  A centaur skeleton (D:10)
  3 trolls
  A slime creature (D:11)
  A vampire (D:13)
  3 yaks (D:10)
  A hungry ghost (D:7)
  Menkaure (D:5)
  An acid dragon (D:11)
  A sky beast (D:11)
  4 orc warriors
  A black bear (D:7)
  4 ice beasts
  2 phantoms
  3 ogres
  2 necrophages
  3 centaurs
  2 big kobolds (D:7)
  2 bullfrogs
  A wyvern zombie (D:6)
  A water moccasin zombie (D:10)
  A wyvern skeleton (D:6)
  2 scorpions
  A water moccasin skeleton (D:4)
  A vampire bat (D:4)
  4 howler monkeys (D:10)
  5 crimson imps
  A quasit (D:9)
  5 orc priests
  2 centaur zombies
  4 jellies
  2 hounds
  6 iguanas
  6 orc wizards
  3 bullfrog skeletons
  A gnoll shaman (D:7)
  3 worker ants
  A hound zombie (D:5)
  A hound skeleton (D:4)
  A worker ant zombie (D:5)
  3 gnolls (D:7)
  17 adders
  3 shadow imps
  6 oozes
  An adder skeleton (D:9)
  A worm (D:5)
  A dart slug (D:2)
  3 fire bats (D:4)
  7 leopard geckos
  36 orcs
  2 spectral bats (D:4)
  2 ball pythons
  3 bat skeletons (D:4)
  A bat zombie (D:4)
  5 giant cockroaches
  5 goblins
  6 hobgoblins
  8 jackals
  17 kobolds
  2 quokkas (D:3)
  14 bats
  A bat simulacrum (D:4)
  4 frilled lizards
  A jackal skeleton (D:8)
  A leopard gecko skeleton (D:4)
  A quokka skeleton (D:4)
  10 rats
252 creatures vanquished.

Notes
Turn   | Place    | Note
-------+----------+-------------------------------------------
     0 | D:1      | iamserjio the Tengu Fire Elementalist began the quest for the Orb.
     0 | D:1      | Reached XP level 1. HP: 10/10 MP: 4/4
    45 | D:2      | Reached skill level 2 in Conjurations
    63 | D:2      | Reached XP level 2. HP: 13/15 MP: 0/6
   232 | D:2      | Reached XP level 3. HP: 11/19 MP: 3/7
   236 | D:2      | Found an opulent altar of Gozag.
   267 | D:2      | Reached skill level 3 in Conjurations
   530 | D:2      | Learned a level 3 spell: Conjure Flame
   554 | D:2      | Noticed Terence
   613 | D:1      | Reached XP level 4. HP: 24/24 MP: 8/8
  1164 | D:3      | Reached skill level 4 in Conjurations
  1164 | D:3      | Gained mutation: You can fly. [Tengu growth]
  1164 | D:3      | Reached XP level 5. HP: 18/28 MP: 7/10
  1296 | D:3      | Reached skill level 5 in Fire Magic
  1367 | D:4      | Learned a level 4 spell: Sticky Flame
  1401 | D:4      | Reached XP level 6. HP: 31/32 MP: 7/11
  1461 | D:4      | Reached skill level 5 in Conjurations
  1663 | D:4      | Reached XP level 7. HP: 15/36 MP: 13/13
  1845 | D:4      | Found a snail-covered altar of Cheibriados.
  1958 | D:4      | Found a runed door.
  1959 | D:4      | Noticed iamserjio's ghost (weakling SpMo)
  2068 | D:5      | Entered Level 5 of the Dungeon
  2175 | D:5      | Reached skill level 1 in Fighting
  2354 | D:5      | Noticed Pikel
  2365 | D:5      | Killed Pikel
  2365 | D:5      | Reached skill level 6 in Conjurations
  2365 | D:5      | Reached XP level 8. HP: 44/44 MP: 10/16
  2407 | D:5      | Noticed Menkaure
  2420 | D:5      | Killed Menkaure
  2446 | D:5      | Reached skill level 7 in Conjurations
  2459 | D:5      | Reached skill level 5 in Spellcasting
  2482 | D:5      | Found a shadowy altar of Dithmenos.
  2654 | D:6      | Found a deep blue altar of Sif Muna.
  2654 | D:6      | Found an iron altar of Okawaru.
  2678 | D:6      | Found a staircase to the Ecumenical Temple.
  2687 | Temple   | Entered the Ecumenical Temple
  2703 | Temple   | Became a worshipper of Vehumet
  2792 | D:6      | Learned a level 5 spell: Fireball
  2813 | D:6      | Reached XP level 9. HP: 39/48 MP: 10/17
  2839 | D:6      | Reached skill level 5 in Dodging
  2841 | D:6      | Got a dazzling leather armour
  3076 | D:7      | Reached skill level 8 in Conjurations
  3091 | D:7      | Found an ornate altar of the Wu Jian Council.
  3283 | D:7      | Reached * piety under Vehumet
  3283 | D:7      | Offered knowledge of Sting by Vehumet.
  3322 | D:7      | Found an iron altar of Okawaru.
  3419 | D:7      | Identified the +3 leather armour of the Three Songs {+Fly rN+ rCorr Dex-4} (You found it on level 6 of the Dungeon)
  3596 | D:8      | Reached skill level 9 in Conjurations
  3719 | D:9      | Learned a level 3 spell: Inner Flame
  3767 | D:9      | Noticed a troll
  3791 | D:9      | Killed a troll
  3791 | D:9      | Reached XP level 10. HP: 55/55 MP: 4/20
  3914 | D:9      | Found Qiakal's Antique Armour Boutique.
  4127 | D:9      | Offered knowledge of Freeze by Vehumet.
  4138 | D:9      | Bought a warped leather armour for 154 gold pieces
  4138 | D:9      | Bought a slimy robe for 125 gold pieces
  4148 | D:9      | Identified the +2 robe of Contentment {rF- rC+ Dex+2} (You bought it in a shop on level 9 of the Dungeon)
  4158 | D:9      | Identified the cursed +1 leather armour of the Sunfish {rPois rF+ Regen+} (You bought it in a shop on level 9 of the Dungeon)
  4177 | D:10     | Entered Level 10 of the Dungeon
  4217 | D:10     | Reached ** piety under Vehumet
  4430 | D:10     | You fall through a shaft for 2 floors!
  4443 | D:11     | Reached skill level 5 in Fighting
  4535 | D:11     | Noticed a green ugly thing
  4540 | D:11     | Killed a green ugly thing
  4540 | D:11     | Reached skill level 10 in Conjurations
  4627 | D:11     | Noticed a red ugly thing
  4633 | D:11     | HP: 2/60 [red ugly thing (6)]
  4739 | D:11     | Offered knowledge of Static Discharge by Vehumet.
  4768 | D:11     | Reached XP level 11. HP: 57/64 MP: 15/22
  4906 | D:10     | Reached *** piety under Vehumet
  4973 | D:10     | Found a deep blue altar of Sif Muna.
  5077 | D:10     | You fall through a shaft for 3 floors!
  5144 | D:12     | Noticed a two-headed ogre
  5153 | D:12     | Slain by a two-headed ogre

Vault maps used:
D:1:      ncdulo_watergridlock
D:2:      nicolae_gozag_cash_rules_everything_around_me, first_ration,
          st_stairs_3, uniq_terence
D:3:      dk_noncrumbling_4, serial_bayou_ford_a
D:4:      kennysheep_little_box, ebering_ghost_inner_flame, goddamned_bats
D:5:      nicolae_dithmenos_shadow_blocks, uniq_pikel, uniq_menkaure
D:6:      gammafunk_temple_overflow_wave, minmay_temple_entry_junction,
          kennysheep_generic_room_8
D:7:      lemuel_round_altar, okawaru_trees_2
D:8:      uniq_prince_ribbit1
D:9:      serial_shops, nicolae_shop_waterfront
D:10:     basic_altar
D:11:     erik_lair_orcish_takeover, orc_0_dummy, basic_altar, serial_glass,
          glass_columns_c, glass_columns_a, hangedman_little_slice_of_home
D:12:     lab_entry_generic, uniq_azrael, uniq_kirke
Temple:   eino_temple_rhombus

Skill      XL: |  1  2  3  4  5  6  7  8  9 10 |
---------------+-------------------------------+-----
Conjurations   | 2 3 4 5 6 7 9 10 | 10.5
Fire Magic     | 4 5 6 7 8 9 |  9.9
Spellcasting   | 3 4 5 6 7 |  7.5
Fighting       | 2 6 |  6.0
Dodging        | 4 6 7 |  7.7
Stealth        | |  2.0

Action                   |  1- 3 |  4- 6 |  7- 9 | 10-12 || total
-------------------------+-------+-------+-------+-------++-------
Melee: Club              |     5 |       |       |       ||     5
       Kick              |     3 |    21 |    33 |    25 ||    82
       Short sword       |    13 |    11 |       |       ||    24
       Quarterstaff      |       |    80 |    85 |       ||   165
       Peck              |       |    11 |    29 |    16 ||    56
       Hand axe          |       |       |   100 |   106 ||   206
 Fire: Hand crossbow     |       |       |    30 |       ||    30
       Hunting sling     |       |       |    14 |       ||    14
Throw: Stone             |       |       |     1 |       ||     1
 Cast: Flame Tongue      |    37 |    54 |    95 |    35 ||   221
       Sticky Flame      |       |     1 |    20 |    14 ||    35
       Fireball          |       |       |     2 |    14 ||    16
       Conjure Flame     |       |       |     2 |     3 ||     5
Evoke: Wand              |       |       |       |    10 ||    10
  Use: Scroll            |       |     6 |     8 |     2 ||    16
       Potion            |       |     1 |     4 |     1 ||     6
 Stab: Sleeping          |     1 |     1 |     2 |     2 ||     6
       Distracted        |     1 |     1 |       |       ||     2
  Eat: Chunk             |       |     3 |     5 |     9 ||    17
       Ration            |       |       |     3 |       ||     3
Armor: Robe              |     9 |    48 |    71 |       ||   128
       Leather armour    |       |       |       |    20 ||    20
       Troll leather arm |       |       |       |    11 ||    11
Dodge: Dodged            |    19 |   135 |   271 |   117 ||   542

Table legend:
 A = Spawn XP
 B = Non-spawn XP
 C = Spawn XP percentage of total XP
 D = Spawn monster count
 E = Non-spawn monster count
 F = Spawn count percentage of total count
 G = Total turns spent on level
                    A         B        C        D         E        F      G
               +---------+---------+-------+---------+---------+-------+---------
         Total |       0 |   10465 |   0.0 |       0 |     252 |   0.0 |  5153
               +---------+---------+-------+---------+---------+-------+---------
           D:1 |       0 |      32 |   0.0 |       0 |      15 |   0.0 |   275
           D:2 |       0 |      57 |   0.0 |       0 |      20 |   0.0 |   453
           D:3 |       0 |     219 |   0.0 |       0 |      29 |   0.0 |   614
           D:4 |       0 |     371 |   0.0 |       0 |      27 |   0.0 |   726
           D:5 |       0 |    1471 |   0.0 |       0 |      27 |   0.0 |   541
           D:6 |       0 |     455 |   0.0 |       0 |      16 |   0.0 |   338
           D:7 |       0 |    1327 |   0.0 |       0 |      29 |   0.0 |   447
           D:8 |       0 |     234 |   0.0 |       0 |      11 |   0.0 |   257
           D:9 |       0 |    1217 |   0.0 |       0 |      25 |   0.0 |   490
          D:10 |       0 |    2402 |   0.0 |       0 |      25 |   0.0 |   512
          D:11 |       0 |    1930 |   0.0 |       0 |      23 |   0.0 |   385
          D:13 |       0 |     750 |   0.0 |       0 |       5 |   0.0 |    65
               +---------+---------+-------+---------+---------+-------+---------
